Map: [ESL] Gresvan

Players

ShaDoWn - Winner!

  • Race: Protoss Protoss
  • Spawn Location: 5:00

SKillous

  • Race: Protoss Protoss
  • Spawn Location: 11:00

Event: ESL SC2 Masters 2023 Summer (Finals)

VOD

Have the link to the VOD?

Description

Time

  • Played on: June 17, 2023, 5:53 a.m.
  • Length: 13:50

All games in this series

Show
View Real Time Build Order
Export as new Build Order

ShaDoWn Protoss - Winner!

Build Orders: Oracle Opening, Blink Stalkers 

Get SALT Encoding   

  12  0:00  Probe  
  13  0:12  Probe  
  14  0:17  Pylon  
  14  0:24  Probe  
  15  0:35  Gateway  
  15  0:36  Probe (Chrono Boost)  
  16  0:45  Probe (Chrono Boost)  
  16  0:46  Assimilator  
  17  0:51  Probe (Chrono Boost)  
  17  0:54  Assimilator  
  18  1:03  Probe (Chrono Boost)  
  19  1:07  Gateway  
  20  1:12  Probe (Chrono Boost)  
  20  1:17  Probe (Chrono Boost)  
  20  1:23  Cybernetics Core  
  21  1:29  Probe  
  22  1:37  Pylon  
  22  1:41  Probe  
  23  1:55  Probe  
  23  1:59  Stalker  
  23  2:00  Adept, Warp Gate  
  28  2:07  Probe  
  29  2:14  Pylon  
  29  2:25  Stargate  
  29  2:32  Stalker  
  30  2:55  Nexus  
  30  2:58  Probe  
  31  3:05  Oracle (Chrono Boost)  
  31  3:11  Probe  
  35  3:21  Twilight Council  
  35  3:23  Probe  
  33  3:35  Probe  
  34  3:46  Pylon  
  35  3:48  Probe (Chrono Boost)  
  35  3:58  Blink  
  35  3:59  Probe (Chrono Boost)  
  36  4:04  Dark Shrine  
  36  4:05  Probe (Chrono Boost)  
  36  4:06  Probe (Chrono Boost)  
  38  4:12  Stalker  
  42  4:18  Probe (Chrono Boost)  
  42  4:19  Probe (Chrono Boost)  
  43  4:25  Shield Battery  
  43  4:27  Probe (Chrono Boost)  
  43  4:29  Probe (Chrono Boost)  
  44  4:34  Probe x2 (Chrono Boost)  
  46  4:44  Probe  
  46  4:45  Probe  
  48  4:48  Pylon  
  48  4:52  Stalker x2  
  50  4:56  Probe  
  54  5:05  Nexus  
  53  5:09  Pylon  
  53  5:17  Gateway  
  53  5:19  Dark Templar  
  55  5:21  Dark Templar  
  55  5:24  Probe  
  55  5:25  Probe  
  55  5:28  Assimilator  
  57  5:29  Pylon  
  57  5:32  Stalker  
  59  5:36  Probe  
  59  5:38  Forge  
  59  5:39  Probe  
  61  5:48  Probe  
  62  5:51  Probe  
  62  5:55  Stalker  
  62  5:56  Stalker  
  67  6:00  Probe  
  67  6:03  Probe  
  69  6:08  Protoss Ground Weapons Level 1 (Chrono Boost)  
  69  6:12  Probe  
  69  6:16  Probe  
  71  6:19  Probe  
  71  6:24  Probe, Stalker  
  71  6:25  Stalker x2  
  77  6:28  Probe  
  77  6:31  Probe  
  79  6:35  Charge  
  79  6:36  Probe  
  80  6:40  Probe  
  80  6:43  Probe  
  80  6:44  Pylon  
  80  6:48  Probe, Gateway  
  80  6:50  Gateway, Stalker x2  
  80  6:51  Stalker  
  80  6:52  Probe  
  88  6:55  Probe  
  88  7:00  Probe, Pylon  
  90  7:06  Nexus  
  90  7:08  Pylon  
  90  7:10  Gateway  
  90  7:13  Stalker  
  90  7:15  Stalker  
  94  7:17  Stalker  
  96  7:22  Assimilator  
  96  7:29  Photon Cannon  
  96  7:40  Stalker x3  
  96  7:43  Gateway  
  102  7:45  Probe x2  
  102  7:47  Pylon x2  
  102  7:48  Zealot  
  102  7:50  Stalker  
  108  7:51  Probe, Protoss Ground Weapons Level 2 (Chrono Boost)  
  108  7:54  Pylon  
  108  7:58  Probe  
  110  8:01  Stalker  
  110  8:02  Robotics Facility  
  110  8:04  Stalker  
  114  8:07  Probe  
  114  8:09  Zealot x2  
  114  8:11  Zealot  
  121  8:13  Zealot  
  123  8:21  Probe  
  123  8:23  Zealot x2  
  123  8:24  Probe  
  123  8:25  Probe  
  123  8:26  Probe  
  131  8:33  Stalker x3  
  131  8:34  Probe  
  136  8:36  Probe  
  136  8:37  Probe  
  136  8:38  Photon Cannon  
  136  8:40  Probe  
  137  8:44  Stalker x2  
  137  8:47  Photon Cannon  
  141  8:50  Observer (Chrono Boost)  
  141  8:54  Stalker x2  
  146  8:57  Stalker x2  
  146  9:00  Stalker  
  144  9:11  Zealot, Dark Templar  
  132  9:19  Stalker x2  
  132  9:21  Probe  
  132  9:22  Probe  
  128  9:29  Stalker x3  
  132  9:32  Gateway x2  
  132  9:35  Stalker  
  134  9:44  Stalker x3  
  140  9:46  Gateway  
  140  9:51  Pylon  
  140  9:53  Nexus  
  140  9:59  Stalker x3  
  146  10:04  Zealot  
  148  10:07  Assimilator  
  148  10:09  Zealot x3  
  148  10:10  Probe  
  153  10:23  Probe x4  
  153  10:24  Gateway  
  153  10:26  Gateway  
  151  10:29  Zealot x2  
  151  10:30  Zealot x4  
  151  10:31  Zealot  
  151  10:35  Probe  
  164  10:36  Probe x3  
  164  10:38  Protoss Ground Weapons Level 3 (Chrono Boost)  
  154  10:45  Stalker x3  
  160  10:50  Pylon, Stalker  
  160  10:51  Stalker  
  160  10:53  Photon Cannon  
  160  10:56  Pylon  
  164  11:05  Warp Prism (Chrono Boost)  
  156  11:12  Stalker x7  
  156  11:13  Probe  
  156  11:16  Stalker  
  156  11:17  Zealot x2  
  159  11:21  Probe  
  136  11:35  Observer (Chrono Boost)  
  136  11:37  Zealot x6, Stalker x3  
  136  11:38  Zealot x2  
  153  11:48  Stalker  
  155  11:59  Stalker x4  
  155  12:00  Zealot x7  
  173  12:18  Stalker  
  173  12:20  Stalker x3  
  173  12:21  Zealot x4  
  189  12:22  Nexus  
  189  12:23  Zealot x3  
  189  12:27  Observer  
  190  12:35  Probe  
  185  12:37  Stalker x4  
  185  12:41  Zealot x2  
  191  12:48  Observer  
  188  12:56  Zealot x2, Stalker x3  
  194  12:58  Pylon  
  194  13:00  Pylon  
  194  13:04  Stalker x2  
  194  13:05  Zealot x3, Stalker  
  190  13:09  Zealot  
  174  13:21  Stalker  
  174  13:22  Zealot, Stalker x3  
  174  13:27  Zealot x2, Stalker  
  180  13:35  Stalker x3  
  180  13:36  Zealot  
  172  13:43  Stalker  
  172  13:46  Zealot x2, Stalker x2  
Show
View Real Time Build Order
Export as new Build Order

SKillous Protoss 

Build Orders: Blink Stalkers 

Get SALT Encoding   

  12  0:00  Probe  
  13  0:12  Probe  
  14  0:17  Pylon  
  14  0:24  Probe  
  15  0:36  Probe (Chrono Boost), Gateway  
  16  0:45  Probe (Chrono Boost)  
  16  0:46  Assimilator  
  17  0:51  Probe (Chrono Boost)  
  17  0:54  Assimilator  
  18  1:03  Probe (Chrono Boost)  
  19  1:10  Gateway  
  20  1:12  Probe (Chrono Boost)  
  20  1:17  Probe (Chrono Boost)  
  20  1:25  Cybernetics Core  
  21  1:29  Probe  
  22  1:36  Pylon  
  22  1:41  Probe  
  23  1:54  Probe  
  24  2:01  Stalker x2  
  24  2:03  Warp Gate  
  24  2:06  Probe  
  29  2:13  Pylon  
  29  2:18  Probe  
  30  2:26  Shield Battery  
  30  2:30  Probe  
  30  2:45  Nexus, Probe  
  30  2:49  Sentry  
  30  2:51  Sentry  
  35  2:57  Probe  
  36  3:02  Pylon  
  36  3:09  Shield Battery  
  36  3:13  Sentry  
  36  3:14  Twilight Council  
  36  3:16  Probe  
  38  3:28  Probe  
  39  3:40  Probe (Chrono Boost)  
  40  3:44  Blink (Chrono Boost)  
  40  3:52  Probe (Chrono Boost)  
  40  3:55  Stalker  
  43  3:59  Probe (Chrono Boost)  
  43  4:00  Stalker  
  46  4:03  Probe  
  46  4:06  Probe  
  47  4:15  Probe  
  48  4:18  Probe  
  49  4:25  Stalker  
  49  4:26  Stalker  
  49  4:27  Probe  
  49  4:30  Probe  
  55  4:39  Probe (Chrono Boost), Pylon  
  55  4:43  Assimilator  
  57  4:48  Probe (Chrono Boost)  
  57  4:51  Probe (Chrono Boost), Stalker x2  
  62  4:56  Probe (Chrono Boost)  
  62  4:57  Probe (Chrono Boost)  
  64  5:02  Shield Battery  
  64  5:05  Probe  
  65  5:08  Robotics Facility  
  65  5:19  Stalker  
  65  5:21  Probe x2  
  69  5:28  Nexus  
  69  5:31  Pylon  
  69  5:33  Shield Battery  
  69  5:37  Probe, Forge  
  70  5:49  Probe x2  
  72  5:50  Pylon, Gateway  
  72  5:55  Gateway  
  72  5:56  Observer (Chrono Boost)  
  73  5:59  Stalker x2  
  73  6:01  Probe  
  78  6:08  Probe  
  79  6:13  Probe  
  79  6:16  Observer  
  79  6:18  Shield Battery  
  81  6:20  Probe  
  81  6:24  Stalker x2  
  78  6:25  Probe  
  78  6:31  Protoss Ground Weapons Level 1 (Chrono Boost)  
  78  6:33  Probe (Chrono Boost)  
  78  6:38  Probe (Chrono Boost)  
  77  6:40  Probe (Chrono Boost)  
  77  6:46  Shield Battery  
  77  6:47  Stalker x2  
  77  6:48  Stalker  
  77  6:50  Probe (Chrono Boost)  
  77  6:51  Probe (Chrono Boost)  
  77  6:52  Probe (Chrono Boost)  
  85  6:56  Probe (Chrono Boost)  
  85  6:57  Probe (Chrono Boost), Photon Cannon  
  85  6:58  Probe (Chrono Boost)  
  88  7:03  Observer  
  88  7:04  Probe  
  88  7:05  Photon Cannon  
  88  7:07  Probe  
  91  7:09  Probe  
  91  7:10  Stalker  
  91  7:11  Stalker  
  96  7:16  Probe  
  96  7:19  Probe  
  96  7:21  Probe  
  99  7:27  Nexus  
  99  7:28  Probe  
  100  7:30  Pylon  
  100  7:35  Charge  
  101  7:39  Probe  
  101  7:40  Assimilator  
  101  7:42  Pylon  
  101  7:43  Gateway  
  101  7:46  Gateway  
  101  7:48  Gateway  
  101  7:49  Forge  
  101  7:50  Gateway  
  101  7:52  Sentry  
  101  7:53  Observer  
  101  7:54  Probe x3  
  106  8:03  Stalker  
  106  8:04  Stalker  
  106  8:05  Shield Battery  
  110  8:07  Probe x3  
  110  8:12  Pylon  
  113  8:19  Probe x3, Protoss Ground Weapons Level 2 (Chrono Boost)  
  115  8:24  Stalker  
  117  8:33  Stalker x2  
  117  8:38  Stalker x2  
  117  8:40  Pylon  
  113  8:43  Stalker x2  
  113  8:46  Protoss Ground Armor Level 1 (Chrono Boost), Pylon x2  
  117  8:55  Nexus  
  117  8:57  Pylon  
  117  8:59  Stalker x3  
  117  9:02  Stalker, Shield Battery  
  125  9:11  Observer  
  125  9:12  Stalker x2  
  125  9:13  Zealot x2  
  126  9:17  Probe  
  126  9:18  Probe x2  
  126  9:19  Observer  
  119  9:29  Probe  
  119  9:30  Probe x2  
  121  9:36  Stalker x2  
  125  9:38  Shield Battery  
  125  9:41  Probe, Observer, Photon Cannon x2  
  125  9:42  Probe x2  
  129  9:51  Stalker x2  
  133  9:53  Probe  
  133  9:54  Probe  
  133  9:57  Stalker x2  
  133  9:59  Zealot  
  141  10:03  Stalker x2  
  144  10:12  Shield Battery  
  144  10:14  Pylon  
  144  10:19  Stalker x3  
  144  10:20  Pylon  
  145  10:33  Zealot x3, Protoss Ground Armor Level 2 (Chrono Boost)  
  145  10:34  Zealot x2  
  149  10:39  Protoss Ground Weapons Level 3 (Chrono Boost)  
  142  10:49  Nexus  
  142  10:51  Zealot, Photon Cannon, Shield Battery  
  142  10:52  Zealot x2  
  142  10:54  Zealot x2  
  152  11:00  Photon Cannon  
  152  11:03  Zealot x3  
  152  11:04  Shield Battery  
  145  11:15  Stalker x3  
  127  11:20  Zealot x2  
  119  11:25  Stalker  
  119  11:27  Probe, Stalker x2  
  119  11:29  Probe x2  
  119  11:30  Probe  
  117  11:39  Probe  
  115  11:42  Zealot x5  
  124  11:48  Probe x2  
  124  11:50  Stalker  
  124  11:51  Probe  
  124  11:52  Probe  
  130  11:59  Stalker x2  
  134  12:03  Pylon  
  134  12:05  Stalker x3  
  138  12:11  Stalker  
  138  12:12  Stalker  
  142  12:21  Photon Cannon  
  142  12:23  Observer (Chrono Boost)  
  142  12:24  Shield Battery  
  142  12:26  Pylon, Zealot x3  
  142  12:29  Gateway  
  147  12:31  Zealot x3  
  147  12:32  Gateway  
  147  12:33  Gateway, Assimilator  
  148  12:38  Zealot x2, Assimilator  
  148  12:39  Probe x2  
  148  12:44  Gateway  
  148  12:49  Stalker x3  
  150  12:57  Stalker x2  
  149  13:01  Zealot x2, Stalker  
  149  13:02  Observer  
  137  13:17  Stalker x3  
  135  13:21  Stalker x2  
  126  13:29  Zealot x3, Stalker x2  
  126  13:30  Zealot  
  134  13:39  Zealot  
  117  13:41  Nexus, Zealot x2  
  117  13:42  Zealot  
  117  13:44  Zealot x2  
Tags
 
Add a new tag
Caveats
  • Supply blocks, unpowered buildings, or Contaminate may cause inaccurate times.
  • Supply counts are checked every 10 seconds.